[Event "Team 45 45 League T42"]
[Site "Internet Chess Club"]
[Date "2009.08.30"]
[Round "5"]
[White "Uwak"]
[Black "frothyjowels"]
[Result "0-1"]
[WhiteElo "2396"]
[BlackElo "2373"]
[Opening "KP: Nimzovich defense"]
[ECO "B00"]
[Time "21:00:08"]
[TimeControl "2700+45"]

1. e4 Nc6 2. Nf3 d6 3. d4 Nf6 4. Nc3 g6 5. h3 Bg7 6. Bg5 O-O 7. Qd2 a6 8. d5 Nb8
9. Bd3 Nbd7 10. O-O-O c5 11. dxc6 bxc6 12. Rhe1 Rb8 13. Bc4 Nb6 14. Bb3 Be6 15.
Nd4 Bxb3 16. axb3 Qc7 17. f4 c5 18. Nf3 c4 19. e5 cxb3 20. exf6 exf6 21. Bh4 Nc4
22. Nd5 Qb7 23. Qc3 bxc2 24. Qxc2 f5 25. Bf6 Bxf6 26. Nxf6+ Kg7 27. Qc3 Ne5 28.
Kb1 Rfc8 29. Qd4 Rc4 30. Qd2 Nd3 {White resigns} 0-1

[Event "Team 45 45 League T42"]
[Site "Internet Chess Club"]
[Date "2009.08.30"]
[Round "5"]
[White "eurander"]
[Black "Kolibri"]
[Result "1/2-1/2"]
[WhiteElo "2208"]
[BlackElo "2106"]
[Opening "Sicilian: Alapin's variation (2.c3)"]
[ECO "B22"]
[Time "15:03:56"]
[TimeControl "2700+45"]

1. e4 c5 2. c3 d5 3. exd5 Qxd5 4. d4 e6 5. Nf3 Nf6 6. Be2 Nc6 7. O-O Be7 8. c4
Qd8 9. dxc5 O-O 10. Qxd8 Rxd8 11. Nc3 Bxc5 12. Bg5 Be7 13. Rfd1 Bd7 14. Nd2 Nd4
15. Bd3 Bc6 16. Nde4 Rd7 17. Nxf6+ gxf6 18. Be3 Rad8 19. Kf1 a6 20. Rac1 f5 21.
Bb1 a5 22. Rd2 Bf6 23. Rcd1 Kg7 24. f3 Be5 25. Bg1 Bf6 26. Be3 Be5 27. Bg1 Bf6
28. Be3 {Game drawn by repetition} 1/2-1/2

[Event "Team 45 45 League T42"]
[Site "Internet Chess Club"]
[Date "2009.09.02"]
[Round "5"]
[White "QueensCounselor"]
[Black "Holzschlange"]
[Result "1/2-1/2"]
[WhiteElo "2050"]
[BlackElo "1920"]
[Opening "Ruy Lopez: Schliemann defense, Berger variation"]
[ECO "C63"]
[Time "12:01:20"]
[TimeControl "2700+45"]

1. e4 e5 2. Nf3 Nc6 3. Bb5 f5 4. Nc3 fxe4 5. Nxe4 d5 6. Nxe5 dxe4 7. Nxc6 Qg5 8.
Qe2 Nf6 9. f4 Qh4+ 10. g3 Qh3 11. Ne5+ c6 12. Bc4 Bc5 13. d3 exd3 14. Nxd3+ Be7
15. Ne5 Bf5 16. Bf7+ Kf8 17. Be3 Rd8 18. Bb3 Ng4 19. Nxg4 Bxg4 20. Qc4 Bh5 21.
Kf2 Qg4 22. Rhe1 Qf3+ 23. Kg1 b6 24. c3 Rd2 25. Bxd2 Bc5+ 26. Be3 Bxe3+ 27. Rxe3
Qxe3+ 28. Kg2 Qf3+ 29. Kg1 Qe3+ 30. Kg2 Qf3+ 31. Kg1 Qe3+ {Game drawn by
repetition} 1/2-1/2

[Event "Team 45 45 League T42"]
[Site "Internet Chess Club"]
[Date "2009.08.29"]
[Round "5"]
[White "SlimeDog2"]
[Black "Denis"]
[Result "0-1"]
[WhiteElo "2169"]
[BlackElo "2358"]
[Opening "Benkö gambit accepted"]
[ECO "A58"]
[Time "21:40:36"]
[TimeControl "2700+45"]

1. d4 Nf6 2. c4 c5 3. d5 b5 4. cxb5 a6 5. bxa6 g6 6. Nc3 Bxa6 7. g3 d6 8. Bg2
Bg7 9. Nf3 Nbd7 10. Rb1 O-O 11. O-O Qa5 12. Bd2 Rfb8 13. Qc2 Qc7 14. Rfd1 Bc4
15. b3 Bxd5 16. Nxd5 Nxd5 17. Ng5 e6 18. Be1 N7b6 19. e4 Ne7 20. b4 Na4 21. Rb3
h6 22. Nh3 Nc6 23. Rbd3 Rxb4 24. Rxd6 Nd4 25. R1xd4 Rxd4 26. e5 Ra7 27. Rc6 Qxe5
28. Rc8+ Kh7 29. Bd2 Qe2 {White resigns} 0-1

[Event "Team 45 45 League T42"]
[Site "Internet Chess Club"]
[Date "2009.08.30"]
[Round "5"]
[White "menorca"]
[Black "GaShMa"]
[Result "1/2-1/2"]
[WhiteElo "2091"]
[BlackElo "2265"]
[Opening "Ruy Lopez: exchange, Bronstein variation"]
[ECO "C68"]
[Time "14:16:31"]
[TimeControl "2700+45"]

1. e4 e5 2. Nf3 Nc6 3. Bb5 a6 4. Bxc6 dxc6 5. O-O Qd6 6. d4 exd4 7. Qxd4 Bg4 8.
Qe5+ Qxe5 9. Nxe5 Be6 10. f4 Bc5+ 11. Kh1 f5 12. Nc3 Nf6 13. Nd3 Be7 14. Re1
fxe4 15. Nxe4 Nxe4 16. Rxe4 Bf5 17. Re5 Bxd3 18. cxd3 Kf7 19. Bd2 Bf6 20. Re3
Rhe8 21. Rh3 Re2 22. Bc3 Rae8 23. g4 Bxc3 24. bxc3 Rc2 25. Rxh7 Rxc3 26. f5 Rxd3
27. Rf1 Re4 28. g5 Rg4 29. g6+ Kg8 30. Re1 Rd8 31. h3 Rgd4 32. Re7 Rd1+ 33. Kg2
R1d2+ 34. Kf3 R2d3+ 35. Ke2 Rd2+ 36. Ke1 Rd1+ 37. Ke2 R1d2+ 38. Ke1 Rd1+ 39. Ke2
{Game drawn by mutual agreement} 1/2-1/2

[Event "Team 45 45 League T42"]
[Site "Internet Chess Club"]
[Date "2009.08.30"]
[Round "5"]
[White "AMAV"]
[Black "xakelari"]
[Result "1/2-1/2"]
[WhiteElo "2078"]
[BlackElo "2040"]
[Opening "Colle system"]
[ECO "D05"]
[Time "11:03:18"]
[TimeControl "2700+45"]

1. Nf3 Nf6 2. d4 d5 3. e3 e6 4. Bd3 c5 5. c3 Nc6 6. Nbd2 Bd6 7. Qe2 O-O 8. O-O
e5 9. dxe5 Nxe5 10. Nxe5 Bxe5 11. Nf3 Bc7 12. h3 Ne4 13. c4 Be6 14. cxd5 Bxd5
15. Qc2 Re8 16. b3 Qd6 17. Rd1 Nf6 18. Bb2 Qc6 19. Bxf6 Bxf3 20. Bxh7+ Kh8 21.
Bxg7+ Kxg7 22. gxf3 Qxf3 23. Qf5 Qxf5 24. Bxf5 Rad8 25. Kf1 Kf6 26. e4 Bf4 27.
Ke2 b6 28. Rxd8 Rxd8 29. Rd1 Rxd1 30. Kxd1 Ke5 31. Kc2 Kd4 32. h4 c4 33. bxc4
Kxc4 34. h5 b5 35. Bh7 b4 36. Bg8 Kd4 37. Bh7 Kc4 38. f3 Kd4 39. Bg8 f6 40. Be6
Bh6 41. Kb3 Kc5 42. Ka4 Bd2 43. Kb3 Bh6 44. Kc2 Kd4 45. Kd1 Ke3 46. Bg4 a5 47.
Kc2 a4 48. Kb2 Kd3 49. Bd7 Ke3 50. Bxa4 Kxf3 51. Bc6 Kf4 52. Kb3 Bf8 53. h6 Bxh6
54. Kxb4 f5 {Game drawn by mutual agreement} 1/2-1/2

[Event "Team 45 45 League T42"]
[Site "Internet Chess Club"]
[Date "2009.08.30"]
[Round "5"]
[White "gyoung"]
[Black "onslaught"]
[Result "0-1"]
[WhiteElo "2292"]
[BlackElo "2181"]
[Opening "Sicilian: Najdorf, Lipnitzky attack"]
[ECO "B86"]
[Time "16:09:49"]
[TimeControl "2700+45"]

1. e4 c5 2. Nf3 d6 3. d4 cxd4 4. Nxd4 Nf6 5. Nc3 a6 6. Bc4 e6 7. Bb3 Nbd7 8. Bg5
Nc5 9. O-O Be7 10. Re1 O-O 11. f4 Qb6 12. Kh1 h6 13. Bxf6 Bxf6 14. e5 dxe5 15.
fxe5 Nxb3 16. axb3 Bh4 17. Re4 Be7 18. Qe2 Rd8 19. Qg4 Bd7 20. Rf1 Be8 21. Nce2
Kh7 22. Ng3 Rd5 23. Nh5 Bf8 24. Rf3 f5 25. exf6 Bxh5 26. Qh4 Bxf3 27. gxf3 Rad8
28. fxg7 Bxg7 29. Nxe6 Rd1+ 30. Kg2 Qg1+ 31. Kh3 R8d2 32. Qf4 Qf1+ 33. Kh4 Qf2+
34. Kh3 Qf1+ 35. Kh4 Rg2 36. Qf5+ Kh8 37. h3 Qf2+ 38. Kh5 Rd5 39. Qxd5 Qxf3+ 40.
Kh4 Bf6+ {White resigns} 0-1

[Event "Team 45 45 League T42"]
[Site "Internet Chess Club"]
[Date "2009.09.01"]
[Round "5"]
[White "NFork"]
[Black "f5"]
[Result "1/2-1/2"]
[WhiteElo "2251"]
[BlackElo "2183"]
[Opening "Sicilian: Pelikan, Chelyabinsk variation"]
[ECO "B33"]
[Time "01:52:53"]
[TimeControl "2700+45"]

1. e4 c5 2. Nf3 Nc6 3. d4 cxd4 4. Nxd4 Nf6 5. Nc3 e5 6. Ndb5 d6 7. Bg5 a6 8. Na3
b5 9. Nd5 Be7 10. Nxe7 Nxe7 11. Qf3 Bg4 12. Qg3 Be6 13. Bd3 Ng6 14. h4 h6 15.
Bd2 Nh5 16. Qf3 Nhf4 17. g3 Nxd3+ 18. cxd3 h5 19. Nc2 Ne7 20. O-O Bg4 21. Qe3 d5
22. Bb4 d4 23. Qg5 Ng6 24. Qxd8+ Rxd8 25. f3 Be6 26. Rfc1 Kd7 27. Ba5 Rc8 28.
Nb4 Rxc1+ 29. Rxc1 Rc8 30. Rxc8 Kxc8 31. Nxa6 Bxa2 32. Nc5 Ne7 33. Kf2 Nc6 34.
Bb6 f6 35. b3 Nb8 36. f4 Nd7 37. Nxd7 Kxd7 38. b4 Ke6 39. fxe5 {Game drawn by
mutual agreement} 1/2-1/2

[Event "Team 45 45 League T42"]
[Site "Internet Chess Club"]
[Date "2009.08.29"]
[Round "5"]
[White "kingcapture"]
[Black "evan94131"]
[Result "1-0"]
[WhiteElo "2313"]
[BlackElo "1901"]
[Opening "Sicilian: Pelikan (Lasker/Sveshnikov) variation"]
[ECO "B33"]
[Time "11:55:04"]
[TimeControl "2700+45"]

1. e4 c5 2. Nf3 Nc6 3. d4 cxd4 4. Nxd4 Nf6 5. Nc3 e5 6. Ndb5 d6 7. a4 a6 8. Na3
Be6 9. Bg5 Be7 10. Nc4 Bxc4 11. Bxc4 Rc8 12. Be3 O-O 13. O-O Kh8 14. f3 Na5 15.
Ba2 Nc4 16. Bxc4 Rxc4 17. Rf2 Nh5 18. Qd2 Nf4 19. b3 Rc6 20. Bxf4 exf4 21. Nd5
Bg5 22. c4 f5 23. Nxf4 fxe4 24. fxe4 Qb6 25. Kh1 Bf6 26. Rb1 Be7 27. a5 Qc5 28.
Rbf1 Rcc8 29. Nd5 Rxf2 30. Qxf2 Bf6 31. Qxc5 Rxc5 32. Nxf6 gxf6 33. Rf5 Rc7 34.
Rxf6 Re7 35. Rxd6 Rxe4 36. g3 Re1+ 37. Kg2 Ra1 38. b4 Rc1 39. c5 {Black resigns}
1-0

[Event "Team 45 45 League T42"]
[Site "Internet Chess Club"]
[Date "2009.08.29"]
[Round "5"]
[White "zachi"]
[Black "RingLord"]
[Result "1-0"]
[WhiteElo "1962"]
[BlackElo "1718"]
[Opening "Sicilian: closed, 6.f4"]
[ECO "B25"]
[Time "17:03:29"]
[TimeControl "2700+45"]

1. e4 c5 2. Nc3 Nc6 3. g3 g6 4. Bg2 Bg7 5. d3 d6 6. f4 e6 7. Be3 Nge7 8. Nf3 Nd4
9. O-O O-O 10. Qd2 Rb8 11. Rab1 b5 12. Ne2 Nxe2+ 13. Qxe2 b4 14. d4 Qa5 15. Rfd1
cxd4 16. Bxd4 Ba6 17. Qf2 Bxd4 18. Qxd4 d5 19. exd5 Nxd5 20. Ne5 Rfc8 21. Ng4
Qc5 22. Qxc5 Rxc5 23. Bxd5 exd5 24. Nf6+ Kg7 25. Nd7 Rbc8 26. Nxc5 Rxc5 27. Rd2
Bb7 28. Re1 Kf6 29. Re3 h5 30. Kf2 a5 31. a3 Bc6 32. axb4 axb4 33. c3 b3 34. Re5
Bb7 35. Rd4 Rc4 36. Rxc4 dxc4 37. Ke3 Bg2 38. Kd4 Bf1 39. Rc5 Ke6 40. Rxc4 Bxc4
41. Kxc4 {Black resigns} 1-0

[Event "Team 45 45 League T42"]
[Site "Internet Chess Club"]
[Date "2009.08.28"]
[Round "5"]
[White "dougmo"]
[Black "AndersO"]
[Result "1/2-1/2"]
[WhiteElo "1507"]
[BlackElo "1433"]
[Opening "King's Indian: orthodox, Aronin-Taimanov, bayonet attack"]
[ECO "E97"]
[Time "17:00:35"]
[TimeControl "2700+45"]

1. d4 Nf6 2. c4 g6 3. Nc3 Bg7 4. e4 d6 5. Nf3 O-O 6. Be2 e5 7. O-O Nc6 8. d5 Ne7
9. b4 Nh5 10. Re1 f5 11. Ng5 Nf6 12. Bf3 c6 13. Bb2 h6 14. Ne6 Bxe6 15. dxe6
fxe4 16. Nxe4 Nxe4 17. Rxe4 d5 18. cxd5 cxd5 19. Rxe5 Bxe5 20. Bxe5 Rc8 21. Qd2
Kh7 22. Qd3 Rf5 23. Bb2 Qd6 24. Qd4 Rg8 25. Re1 b6 26. a3 Rf4 27. Qd2 Rc4 28.
Be2 Re4 29. Bf3 Rxe1+ 30. Qxe1 Re8 31. Qc3 Nf5 32. g4 d4 33. Qd3 Nh4 34. Bxd4
Nxf3+ 35. Qxf3 Qxe6 36. Be3 Qe7 37. Qh3 g5 38. Qf3 Rf8 39. Qd5 Qf7 40. Qd3+ Kg8
41. Qd6 Qf6 42. Qd5+ Qf7 43. Qd4 Qf6 44. Qc4+ Qf7 45. Qc6 Qf6 46. Qc4+ Qf7 47.
Qc6 {Game drawn by mutual agreement} 1/2-1/2

[Event "Team 45 45 League T42"]
[Site "Internet Chess Club"]
[Date "2009.08.29"]
[Round "5"]
[White "Kingangyal"]
[Black "DannyZil"]
[Result "1-0"]
[WhiteElo "1460"]
[BlackElo "1470"]
[Opening "Queen's pawn: London system"]
[ECO "A45"]
[Time "16:00:32"]
[TimeControl "2700+45"]

1. d4 Nf6 2. Bf4 g6 3. e3 Nh5 4. Bg5 h6 5. Bh4 g5 6. Qxh5 gxh4 7. Qxh4 e6 8.
Qxd8+ Kxd8 9. Nd2 b6 10. Ngf3 Bb7 11. O-O-O Rg8 12. Rg1 Be7 13. h4 Na6 14. a3 c5
15. g3 cxd4 16. exd4 Rc8 17. Bg2 Bf6 18. Ne5 Bxg2 19. Rxg2 Ke7 20. Ndf3 d6 21.
Nd3 Rc4 22. c3 Rgc8 23. Kd2 Nc7 24. g4 Nd5 25. g5 hxg5 26. hxg5 Bg7 27. g6 f5
28. Rh1 Kf6 29. Rh4 Ne7 30. Nf4 e5 31. Nh5+ Ke6 32. Nxg7+ Kd7 33. Rh7 exd4 34.
Nxd4 {Black resigns} 1-0

[Event "Team 45 45 League T42"]
[Site "Internet Chess Club"]
[Date "2009.08.30"]
[Round "5"]
[White "CheeryCherry"]
[Black "kingsrook"]
[Result "1-0"]
[WhiteElo "1528"]
[BlackElo "1298"]
[Opening "Caro-Kann: advance variation"]
[ECO "B12"]
[Time "15:00:05"]
[TimeControl "2700+45"]

1. e4 c6 2. d4 d5 3. e5 c5 4. dxc5 e6 5. b4 b6 6. cxb6 Bxb4+ 7. c3 Bc5 8. Bb5+
Nd7 9. Bc6 Qxb6 10. Bxa8 Bxf2+ 11. Kd2 Ne7 12. Nf3 O-O 13. Ba3 Be3+ 14. Kc2 Ba6
15. Bxe7 Rxa8 16. Nbd2 Rc8 17. Nb3 Qc6 18. Bb4 Nb6 19. Nfd4 Qa4 20. a3 Nd7 21.
Kb2 Nxe5 22. Na5 Nd3+ 23. Kb1 Qd7 24. Qb3 Rb8 25. Ndc6 Rb7 26. Nxb7 Bc4 27. Qa4
Qxb7 28. Na5 Qa6 29. Qe8# {Black checkmated} 1-0

[Event "Team 45 45 League T42"]
[Site "Internet Chess Club"]
[Date "2009.08.30"]
[Round "5"]
[White "Giacometti"]
[Black "b-spot"]
[Result "1-0"]
[WhiteElo "1775"]
[BlackElo "1770"]
[Opening "Bird's opening"]
[ECO "A03"]
[Time "10:07:02"]
[TimeControl "2700+45"]

1. f4 d5 2. Nf3 Nf6 3. e3 g6 4. Be2 Bg7 5. d3 O-O 6. O-O c5 7. Nc3 Nc6 8. e4
dxe4 9. dxe4 Nd4 10. Be3 Nxe2+ 11. Qxe2 b6 12. Rad1 Qc7 13. e5 Ng4 14. Nd5 Qb7
15. Bc1 Be6 16. c4 Rfd8 17. Qe4 Rd7 18. h3 Nh6 19. g4 Kf8 20. Rd2 Rad8 21. Rfd1
Nxg4 22. hxg4 Bxg4 23. Kf2 Bf5 24. Qe2 Be6 25. Qe4 Bf5 26. Qe2 Be6 27. Ng5 Bxd5
28. cxd5 h6 29. Nxf7 Rxd5 30. Nxd8 {Black resigns} 1-0

[Event "Team 45 45 League T42"]
[Site "Internet Chess Club"]
[Date "2009.08.26"]
[Round "5"]
[White "stingham"]
[Black "Monsieur"]
[Result "1-0"]
[WhiteElo "1656"]
[BlackElo "1575"]
[Opening "Latvian counter-gambit"]
[ECO "C40"]
[Time "23:00:06"]
[TimeControl "2700+45"]

1. e4 e5 2. Nf3 f5 3. Nxe5 Qe7 4. d4 d6 5. Nc4 d5 6. Ne5 dxe4 7. Qh5+ g6 8. Nxg6
hxg6 9. Qxh8 Be6 10. Qe5 Nc6 11. Bb5 O-O-O 12. Bxc6 bxc6 13. Bg5 Qf7 14. Bxd8
Kxd8 15. Nc3 Nf6 16. Qa5 Nd5 17. O-O-O Bb4 18. Qxa7 Nxc3 19. bxc3 Bxc3 20. Qa8+
Kd7 21. Qa3 Bxa2 22. Qxc3 Bc4 23. f3 Qd5 24. h4 Be2 25. fxe4 Qxe4 26. Rde1 Qf4+
27. Qd2 Qxd2+ 28. Kxd2 Bg4 29. g3 Kd6 30. Re3 Kd5 31. c3 Kd6 32. Rhe1 f4 33.
gxf4 c5 34. Rg1 Bf5 35. Rg5 cxd4 36. cxd4 Bb1 37. Kc1 {Black resigns} 1-0

[Event "Team 45 45 League T42"]
[Site "Internet Chess Club"]
[Date "2009.08.30"]
[Round "5"]
[White "Dr-Checkmate"]
[Black "Krumpy"]
[Result "1-0"]
[WhiteElo "1562"]
[BlackElo "1387"]
[Opening "Réti: old Indian attack"]
[ECO "A06"]
[Time "11:09:35"]
[TimeControl "2700+45"]

1. Nf3 d5 2. d3 Nf6 3. g3 Nbd7 4. Bg5 h6 5. Bxf6 Nxf6 6. Nbd2 b6 7. Bg2 Bb7 8.
O-O e6 9. Re1 Bd6 10. e4 dxe4 11. Nxe4 Nxe4 12. dxe4 Qe7 13. e5 Bc5 14. a3 a5
15. c3 a4 16. Qc2 b5 17. Rad1 Bd5 18. Nd4 Bxd4 19. Bxd5 Bxf2+ 20. Qxf2 exd5 21.
Rxd5 c6 22. Rc5 Qe6 23. Qf3 Rc8 24. Rd1 O-O 25. Rd6 Qb3 26. Qf2 Rfe8 27. Qe2 Re6
28. Rxe6 Qxe6 29. Qe4 f5 30. Qd4 Kf7 31. c4 bxc4 32. Rxc4 Re8 33. Rxa4 Qxe5 34.
Ra7+ Kf6 35. Qxe5+ Rxe5 36. Ra6 Re6 37. b4 Ke5 38. Rb6 Kd5 39. a4 Re8 40. a5 c5
41. Rb5 Kc4 42. Rxc5+ Kxb4 43. Rxf5 g6 44. Rf6 Kxa5 45. Rxg6 Rh8 46. Kg2 Kb5 47.
Kh3 Kc5 48. Kg4 Kd5 49. Kh5 Ke5 50. Rxh6 Rxh6+ 51. Kxh6 Kf5 52. Kh5 Kf6 53. g4
Kg7 54. h4 Kh7 55. Kg5 Kg7 56. h5 Kh7 57. Kf6 Kh6 58. g5+ Kh7 59. g6+ Kh8 60.
Kg5 Kg7 61. h6+ Kh8 62. Kf5 Kg8 63. Ke6 Kh8 64. Ke7 Kg8 65. g7 Kh7 66. Kf8 Kxh6
67. g8=Q {Black resigns} 1-0

[Event "Team 45 45 League T42"]
[Site "Internet Chess Club"]
[Date "2009.08.29"]
[Round "5"]
[White "chesskix"]
[Black "cobra2008"]
[Result "0-1"]
[WhiteElo "1410"]
[BlackElo "1565"]
[Opening "English opening: Agincourt variation"]
[ECO "A13"]
[Time "10:00:55"]
[TimeControl "2700+45"]

1. Nf3 d5 2. c4 e6 3. b3 Nf6 4. Bb2 Be7 5. g3 O-O 6. Bg2 Nbd7 7. O-O c6 8. d3 a5
9. Nbd2 a4 10. Rb1 axb3 11. axb3 Ra2 12. Bc3 dxc4 13. bxc4 Nc5 14. Bb4 Bd6 15.
Ne1 e5 16. Nc2 Qe7 17. Ne4 Nfxe4 18. dxe4 Qf6 19. Qc1 Bg4 20. f3 Be6 21. Na3 Rd8
22. Rb2 Rxb2 23. Qxb2 Bf8 24. Qc2 Qh6 25. f4 exf4 26. Rxf4 Nd3 27. exd3 Bxb4 28.
Nb1 Bc5+ 29. Kh1 Be3 30. Rh4 Qf6 31. Nc3 Bg5 32. e5 Qe7 33. Re4 Bf5 34. Qe2 Bxe4
35. Nxe4 Qxe5 36. Qf3 Be7 37. Bf1 b5 38. cxb5 cxb5 39. Nd2 Bc5 40. Nb3 b4 41. d4
Bxd4 42. Bc4 Qe7 43. Nxd4 Rxd4 44. Qa8+ Rd8 45. Qf3 Rd2 46. Qa8+ Rd8 47. Qf3
Qe1+ 48. Kg2 Qd2+ 49. Kh3 Qh6+ 50. Kg2 Rd2+ 51. Be2 Rd8 52. h4 Qe6 53. Bb5 b3
54. Bd7 Qxd7 55. Qxb3 Qd5+ 56. Qxd5 Rxd5 57. Kf3 f6 58. Ke4 Re5+ 59. Kf4 h5 60.
g4 hxg4 61. Kxg4 Kf7 62. h5 Ke6 63. h6 gxh6 64. Kf4 Rg5 65. Ke4 h5 66. Kf4 h4
{White resigns} 0-1

[Event "Team 45 45 League T42"]
[Site "Internet Chess Club"]
[Date "2009.08.30"]
[Round "5"]
[White "ZacAttack99"]
[Black "BigW"]
[Result "0-1"]
[WhiteElo "1475"]
[BlackElo "1939"]
[Opening "Queen's pawn game"]
[ECO "D02"]
[Time "18:00:06"]
[TimeControl "2700+45"]

1. d4 d5 2. Nf3 c6 3. e3 Nf6 4. Bd3 e6 5. O-O Bd6 6. b3 Nbd7 7. Bb2 O-O 8. Nbd2
Re8 9. e4 dxe4 10. Nxe4 Nxe4 11. Bxe4 Qc7 12. Qd3 f5 13. Bxf5 exf5 14. Qxf5 Ne5
15. Qh5 Bg4 16. Qh4 Nxf3+ 17. gxf3 Bxf3 18. Rfe1 Qf7 19. Kf1 Rxe1+ 20. Rxe1 Qf5
21. Rc1 g5 22. Qh6 Bf8 23. Qxf8+ Rxf8 24. Ba3 Re8 {White resigns} 0-1

[Event "Team 45 45 League T42"]
[Site "Internet Chess Club"]
[Date "2009.08.27"]
[Round "5"]
[White "BrandonBee"]
[Black "Karan99"]
[Result "0-1"]
[WhiteElo "1462"]
[BlackElo "1434"]
[Opening "Ruy Lopez: old Steinitz defense"]
[ECO "C62"]
[Time "14:07:56"]
[TimeControl "2700+45"]

1. e4 e5 2. Nf3 Nc6 3. Bb5 d6 4. d3 Nf6 5. Nbd2 a6 6. Ba4 b5 7. Bb3 Bb7 8. a3
Be7 9. Nf1 O-O 10. Ng3 d5 11. exd5 Nxd5 12. O-O Nd4 13. Nxd4 exd4 14. Nf5 Bf6
15. Qg4 Kh8 16. Nxd4 Ne7 17. Nf3 Ng6 18. Bg5 Bxg5 19. Nxg5 f5 20. Qh5 h6 21.
Nf7+ Rxf7 22. Bxf7 Nf4 23. Qxf5 Nxg2 24. c4 Nh4 25. Qg4 Nf3+ 26. Kg2 Ne5+ 27.
Kg3 Nxg4 28. Kxg4 Qg5+ {White resigns} 0-1

[Event "Team 45 45 League T42"]
[Site "Internet Chess Club"]
[Date "2009.08.30"]
[Round "5"]
[White "AntMantis"]
[Black "Makaen"]
[Result "1-0"]
[WhiteElo "1601"]
[BlackElo "1422"]
[Opening "QGD: 3...Nf6"]
[ECO "D35"]
[Time "22:02:46"]
[TimeControl "2700+45"]

1. d4 d5 2. c4 e6 3. Nc3 Nf6 4. e3 c5 5. Nf3 Nc6 6. Be2 Be7 7. O-O dxc4 8. Bxc4
O-O 9. Qd2 a6 10. b3 b5 11. Bd3 cxd4 12. Nxd4 Nxd4 13. exd4 Bb7 14. Rd1 Rc8 15.
Bb2 Bb4 16. a3 Ba5 17. b4 Bb6 18. Ne2 h6 19. Kh1 Ne4 20. Qe3 Qd5 21. Nf4 Qf5 22.
Rf1 Bc7 23. Ne2 Qh5 24. Ng3 Nxg3+ 25. fxg3 Qd5 26. Rf2 Bb6 27. Be2 Rfd8 28. Rd1
Qe4 29. Qxe4 Bxe4 30. Bf3 Bc2 31. Rc1 Bxd4 32. Bxd4 Rxd4 33. Rfxc2 Rcd8 34. Rc8
g6 35. Rxd8+ Rxd8 36. h3 Kg7 37. Bb7 Rd3 38. Bxa6 Rxa3 39. Bxb5 Rxg3 40. Rb1 Rc3
41. Ba6 e5 42. b5 e4 43. b6 e3 44. b7 Ra3 45. b8=Q Rxa6 46. Qe5+ {Black resigns}
1-0

[Event "Team 45 45 League T42"]
[Site "Internet Chess Club"]
[Date "2009.08.30"]
[Round "5"]
[White "firesign"]
[Black "KoalieAwe"]
[Result "0-1"]
[WhiteElo "1315"]
[BlackElo "1425"]
[Opening "Philidor: exchange variation"]
[ECO "C41"]
[Time "12:11:35"]
[TimeControl "2700+45"]

1. e4 e5 2. Nf3 d6 3. d4 exd4 4. Nxd4 Nf6 5. Nc3 Be7 6. Bc4 O-O 7. O-O Nc6 8.
Bb3 Ne5 9. Bf4 c5 10. Nf3 Bg4 11. Bxe5 dxe5 12. Qxd8 Raxd8 13. Nxe5 Bh5 14. a3
Bd6 15. Nc4 Bc7 16. f3 a6 17. Kh1 b5 18. Ne3 Bb6 19. Ncd5 Nxd5 20. Nxd5 Ba7 21.
c4 Kh8 22. cxb5 axb5 23. a4 bxa4 24. Rxa4 Bb8 25. Bc4 Be5 26. b3 Bd4 27. Nf4 Bg6
28. h4 h6 29. Ra5 Rb8 30. Rd1 Rbd8 31. Ra6 Bh7 32. Ne2 Bg6 33. Nxd4 cxd4 34. Bd5
f6 35. Ra4 Bf7 36. Raxd4 Bxd5 37. Rxd5 Rb8 38. Rb1 Rfc8 39. b4 Rc7 40. b5 Rcb7
41. Kh2 Kg8 42. Kg3 Kf8 43. Kf4 Ke7 44. Kf5 Kf7 45. h5 Rb6 46. Rd7+ Kf8 47. Rd5
Kf7 48. Rc5 R8b7 49. Kf4 Ke6 50. g4 Kd6 51. Rd5+ Ke6 52. e5 Kxd5 53. exf6 Rxf6+
54. Kg3 Kc5 55. f4 Rxb5 56. Rxb5+ Kxb5 57. g5 Rf5 58. Kg4 Rc5 59. gxh6 gxh6 60.
f5 Kc6 61. Kf4 Kd6 62. Ke4 Ke7 63. Kf4 Kf6 64. Kg4 Rxf5 65. Kh4 Rg5 {White
resigns} 0-1

[Event "Team 45 45 League T42"]
[Site "Internet Chess Club"]
[Date "2009.09.01"]
[Round "5"]
[White "Marichan"]
[Black "nas3"]
[Result "1-0"]
[WhiteElo "1931"]
[BlackElo "1731"]
[Opening "Sicilian: Najdorf, 7...Qb6"]
[ECO "B97"]
[Time "15:05:00"]
[TimeControl "2700+45"]

1. e4 c5 2. Nf3 d6 3. d4 cxd4 4. Nxd4 Nf6 5. Nc3 a6 6. Bg5 e6 7. f4 Qb6 8. Rb1
Nbd7 9. Be2 Be7 10. Bh4 O-O 11. Bf2 Qc7 12. O-O b5 13. Bf3 Bb7 14. a3 Rac8 15.
Re1 Rfd8 16. Qe2 Nc5 17. f5 e5 18. Nb3 Nxb3 19. cxb3 d5 20. exd5 Bxa3 21. Nxb5
axb5 22. bxa3 e4 23. Bxe4 Nxe4 24. Qxe4 Bxd5 25. Qg4 f6 26. b4 Qb7 27. Bc5 Re8
28. Rbd1 h5 29. Qxh5 Rxe1+ 30. Rxe1 Bxg2 31. Re8+ Rxe8 32. Qxe8+ Kh7 33. Qg6+
{Black resigns} 1-0

[Event "Team 45 45 League T42"]
[Site "Internet Chess Club"]
[Date "2009.08.29"]
[Round "5"]
[White "OOB1"]
[Black "badmove"]
[Result "1-0"]
[WhiteElo "1534"]
[BlackElo "1573"]
[Opening "Four knights: Scotch, 4...exd4"]
[ECO "C47"]
[Time "10:17:38"]
[TimeControl "2700+45"]

1. e4 e5 2. Nf3 Nc6 3. Nc3 Nf6 4. d4 exd4 5. Nxd4 Bb4 6. Nxc6 bxc6 7. Bd3 d5 8.
O-O Bxc3 9. bxc3 dxe4 10. Re1 O-O 11. Bc4 Bg4 12. Qd4 Qxd4 13. cxd4 Rfe8 14. h3
Bh5 15. Bf4 Nd5 16. Bh2 Re7 17. Rab1 e3 18. Bxd5 exf2+ 19. Kxf2 Rxe1 20. Rxe1
Bg6 21. Bxc6 Bxc2 22. Bxa8 {Black resigns} 1-0

[Event "Team 45 45 League T42"]
[Site "Internet Chess Club"]
[Date "2009.08.28"]
[Round "5"]
[White "f5"]
[Black "fundie"]
[Result "1-0"]
[WhiteElo "2180"]
[BlackElo "2127"]
[Opening "Queen's pawn game"]
[ECO "E10"]
[Time "19:06:26"]
[TimeControl "2700+45"]

1. d4 Nf6 2. c4 e6 3. Nf3 Be7 4. Nc3 O-O 5. Bg5 d6 6. e3 Nbd7 7. Bd3 a6 8. O-O
c6 9. Rc1 b5 10. cxb5 axb5 11. Bb1 b4 12. Ne2 c5 13. Ng3 Bb7 14. e4 cxd4 15.
Nxd4 Qa5 16. Be3 Rfc8 17. Nb3 Qd8 18. Qd2 d5 19. exd5 Nxd5 20. Rxc8 Rxc8 21. Rc1
Nxe3 22. Rxc8 Qxc8 23. Qxe3 g6 24. Ne4 f5 25. Nd6 Bxd6 26. Qxe6+ Kg7 27. Qxd6
Qc6 28. Qxc6 Bxc6 29. f3 Nb6 30. Nd4 Bd5 31. b3 Kf6 32. Kf2 Bb7 33. Bd3 Ke5 34.
Nc2 f4 35. Nxb4 Kd4 36. Be2 Kc3 37. Nd3 Nd5 38. g3 g5 39. Nc5 Bc6 40. Ne4+ Kb2
41. Nxg5 Kxa2 42. Bc4 fxg3+ 43. hxg3 Nf6 44. Ke3 Ka3 45. Ne4 Nd7 46. f4 Kb4 47.
Kd4 h5 48. Bf7 Bb7 49. Bxh5 Bxe4 50. Kxe4 Nf6+ 51. Ke5 Nxh5 52. g4 Ng7 53. f5
{Black resigns} 1-0

[Event "Team 45 45 League T42"]
[Site "Internet Chess Club"]
[Date "2009.08.29"]
[Round "5"]
[White "chess92192"]
[Black "bobhill"]
[Result "1-0"]
[WhiteElo "1977"]
[BlackElo "1927"]
[Opening "QGD: Charousek (Petrosian) variation"]
[ECO "D31"]
[Time "15:57:37"]
[TimeControl "2700+45"]

1. d4 d5 2. c4 e6 3. Nc3 Be7 4. Nf3 h6 5. Bf4 Nf6 6. e3 O-O 7. Qc2 Na6 8. a3 c5
9. cxd5 Nxd5 10. Nxd5 exd5 11. Bxa6 Qa5+ 12. b4 cxb4 13. Bd3 b3+ 14. Qd2 Bb4 15.
Qxb4 Qxb4+ 16. axb4 Bd7 17. Ra3 Rfc8 18. Kd2 b2 19. Rb3 a5 20. bxa5 Rxa5 21.
Rxb2 b5 22. Rhb1 g5 23. Bg3 Kg7 24. Bxb5 Bxb5 25. Rxb5 Ra6 26. Ne5 h5 27. h3 h4
28. Bh2 f6 29. Nd3 Kg6 30. Rxd5 Ra2+ 31. Rb2 Ra1 32. Rd6 g4 33. hxg4 h3 34. gxh3
Rh8 35. Be5 Rxh3 36. Rxf6+ Kg5 37. f4+ Kxg4 38. Nf2+ Kg3 39. Nxh3 Kxh3 40. Rg6
Kh4 41. Kd3 Kh3 42. Rb7 {Black resigns} 1-0